 Dungeon Crawl Stone Soup version 0.18-a0-1805-g8ab820f (webtiles) character file.

19 beholder the Skirmisher (level 2, 25/25 HPs)
             Began as a Formicid Abyssal Knight on Apr 26, 2016.
             Was a Follower of Okawaru.
             Got out of the dungeon alive.
             The game lasted 00:09:55 (833 turns).

beholder the Skirmisher (Formicid Abyssal Knight)    Turns: 833, Time: 00:09:56

Health: 25/25      AC:  3    Str: 16    XL:     2   Next: 95%
Magic:  4/4        EV: 11    Int: 11    God:    Okawaru [*.....]
Gold:   54         SH:  5    Dex: 10    Spells: 0 memorised, 1 level left

rFire  . . .     SeeInvis +     e - +1 dagger (elec)
rCold  . . .     Gourm    .     b - +0 leather armour
rNeg   . . .     Faith    .     (no shield)
rPois  .         Spirit   .     (helmet unavailable)
rElec  .         Dismiss  .     (no cloak)
rCorr  .         Reflect  +     (no gloves)
SustAt .         Harm     .     (no boots)
MR     .....                    p - +5 amulet of reflection
Stlth  +.........               (no ring)
                                (no ring)

@: not resistant to hostile enchantments, very unstealthy
A: permanent stasis, dig shafts and tunnels, four strong arms, antennae 3
a: Dig, Shaft Self, Heroism, Renounce Religion


You escaped.
You worshipped Okawaru.
Okawaru was aware of your devotion.
You were not hungry.

You visited 1 branch of the dungeon, and saw 2 of its levels.
You visited the Abyss 1 time.

You collected 54 gold pieces.

Inventory:

Hand Weapons
 a - a +1 falchion
 e - a +1 dagger of electrocution (weapon)
Armour
 b - a +0 leather armour (worn)
Jewellery
 p - a +5 amulet of reflection (around neck)
Scrolls
 d - a scroll of blinking {unknown}
 g - a scroll of amnesia {unknown}
 h - a scroll of fog {unknown}
 m - 2 scrolls of identify {unknown}
 n - a scroll of random uselessness {unknown}
 o - a scroll of noise {unknown}
Potions
 f - a potion of ambrosia {unknown}
 j - a potion of might {unknown}
 k - 3 potions of magic {unknown}
 l - a potion of curing {unknown}
Comestibles
 c - a bread ration
 i - a meat ration
 q - a chunk of flesh


   Skills:
 + Level 3.7 Fighting
 + Level 2.3 Long Blades
 - Level 2.1 Armour
 - Level 0.8 Dodging
 + Level 2.7 Invocations


You had one spell level left.
You didn't know any spells.

Dungeon Overview and Level Annotations

Branches:
Dungeon (2/15)

Altars:
Okawaru


Innate Abilities, Weirdness & Mutations

You are under a permanent stasis effect.
You can dig through walls and to a lower floor.
Your four strong arms can wield two-handed weapons with a shield.
You have a pair of large antennae on your head (SInv).


Message History

There is an open door here.
You see here a ring mail.
There is a faded altar to an unknown god here.
This altar will convert you to a god.
You cannot discern which.
Do you pray? Okawaru accepts your prayer!
You have lost your religion!
Lugonu does not appreciate desertion!
Okawaru welcomes you!
You resume training Invocations.
You can now gain great but temporary skills.
You see here a ring mail.
There is an open door here.
There is a stone staircase leading up here.
You climb upwards.
There is a stone staircase leading down here.
Things that are here:
a stone; a whip
There is a staircase leading out of the dungeon here.
Are you sure you want to leave the Dungeon?
This will make you lose the game!
You have escaped!

#...##............####.....
############..)..#########..###
#......#...#.....#...###....#
#......#.⌠.#.....#.⌠.#^..#..###
#......#...#.....#...#........#
#......#####.....#####.........
#.............................#
#.............................#
#.............@...............#
#.............................#
#...........................###
####.#######.....#####........#
#.###...#.....#...#.#....###
#.###.⌠.#.....#.⌠.#......#
#.###...#.....#...#.#.#..#
#.#######.....#####.#....###
#.###...#...................


There were no monsters in sight!

Vanquished Creatures
  2 giant geckos (D:1)
  3 bats (D:1)
  A goblin (D:1)
  2 hobgoblins
  6 kobolds (D:1)
  A ball python (D:1)
  A giant newt (D:1)
16 creatures vanquished.

Vanquished Creatures (others)
  4 starspawn tentacle segments (Abyss:1)
4 creatures vanquished.

Grand Total: 20 creatures vanquished

Notes
Turn   | Place    | Note
--------------------------------------------------------------
     0 | Abyss:1  | beholder the Formicid Abyssal Knight began the quest for the Orb.
     0 | Abyss:1  | Reached XP level 1. HP: 18/18 MP: 2/2
    34 | Abyss:1  | Noticed a hell hog
    35 | Abyss:1  | Noticed a fire dragon
    35 | Abyss:1  | a hell hog changed into a fire dragon
    36 | Abyss:1  | Noticed a tentacled starspawn
    37 | Abyss:1  | Noticed a griffon
    37 | Abyss:1  | a fire dragon changed into a griffon
    38 | Abyss:1  | Noticed an ice dragon
    38 | Abyss:1  | a griffon changed into an ice dragon
    39 | Abyss:1  | Noticed an emperor scorpion
    39 | Abyss:1  | an ice dragon changed into an emperor scorpion
    67 | D:1      | Escaped the Abyss
    89 | D:1      | Reached * piety under Lugonu
   260 | D:1      | Reached XP level 2. HP: 21/24 MP: 3/3
   785 | D:2      | Found a faded altar to an unknown god.
   791 | D:2      | Fell from the grace of Lugonu
   791 | D:2      | Became a worshipper of Warmaster Okawaru
   791 | D:2      | Reached * piety under Okawaru
   833 | D:$      | Got out of the dungeon alive.

Vault maps used:
D:1:      minmay_arrival_glassed_features
D:2:      ecumenical_altar_2, st_stairs_10, minmay_misc_feat_five, uniq_jessica

Action                   || total
-------------------------++-------
Melee: Dagger            ||    63
Invok: Depart the Abyss  ||     1
Armor: Leather armour    ||    19
Dodge: Dodged            ||    46
Block: Other             ||     1
